 Dungeon Crawl Stone Soup version 0.17-a0-1115-g0372368 (webtiles) character file.

13 Hanyuu the Insei (level 2, -11/18 HPs)
             Began as an Octopode Transmuter on May 22, 2015.
             Killed from afar by a rat (29 damage)
             ... with an exploding inner flame
             ... hexed by the player character
             ... on level 1 of the Dungeon.
             The game lasted 00:01:13 (307 turns).

Hanyuu the Insei (Octopode Transmuter)               Turns: 307, Time: 00:01:13

Health: -11/18     AC:  1    Str:  9    XL:     2   Next: 37%
Magic:  5/5        EV:  9    Int: 15    God:
Gold:   14         SH:  0    Dex: 12    Spells: 1 memorised, 4 levels left

rFire  . . .     SeeInvis .       - Unarmed
rCold  . . .     Clarity  .     (no shield)
rNeg   . . .     SustAt   .     (helmet restricted)
rPois  .         Gourm    .     (no amulet)
rElec  .         Spirit   .     g - -3 ring of evasion (curse)
rCorr  .         Warding  .     (no ring)
rMut   .         Stasis   .     (no ring)
MR     .....                    (no ring)
Stlth  ++........               (no ring)
                                (no ring)
                                (no ring)
                                (no ring)

@: not resistant to hostile enchantments, unstealthy
A: almost no armour, amphibious, 8 rings, constrict 8, camouflage 1, gelatinous
body 1
a: no special abilities


You were on level 1 of the Dungeon.
You were not hungry.

You visited 1 branch of the dungeon, and saw 1 of its levels.

You collected 14 gold pieces.

Inventory:

Missiles
 a - 12 arrows
Jewellery
 g - a cursed -3 ring of evasion (left tentacle)
Books
 b - a book of Changes

   Spells                             Type                      Level
   a - Beastly Appendage              Transmutation                1
   b - Sticks to Snakes               Transmutation                2
   c - Spider Form                    Transmutation/Poison         3
   d - Ice Form                       Ice/Transmutation            4
   e - Blade Hands                    Transmutation                5
Comestibles
 c - a bread ration


   Skills:
 - Level 1.0 Fighting
 - Level 2.0 Dodging
 + Level 3.7 Unarmed Combat
 - Level 2.0 Spellcasting
 - Level 2.0 Transmutations


You had 4 spell levels left.
You knew the following spells:

 Your Spells              Type           Power        Failure   Level  Hunger
a - Beastly Appendage     Trmt           #.....       12%         1    #......


Dungeon Overview and Level Annotations

Branches:
Dungeon (1/15)

Altars:


Innate Abilities, Weirdness & Mutations

You cannot wear most types of armour.
You are amphibious.
You can wear up to eight rings at the same time.
You can use your tentacles to constrict eight enemies at once.
Your skin changes colour to match your surroundings (Stealth).
Your rubbery body absorbs attacks (AC +1).


Message History

As you read the scroll labeled LUMOIHOMP CAZAIM, it crumbles to dust.
The creatures around you are filled with an inner flame!
It was a scroll of immolation.
Read which item? (? for menu, Esc to quit)
Blink to where?
Press: ? - help, Dir - move target cursor, f - you Are you sure you want to cancel this blink? [Y]es or [N]o only, please.
Are you sure you want to cancel this blink?
Okay, then.
As you read the scroll labeled HESMI IWIUNLUN, it crumbles to dust.
It was a scroll of blinking.
You tentacle-slap the rat. Your grab misses the rat.
The rat is moderately wounded.
The rat closely misses you.
You tentacle-slap the rat.
The rat explodes!
The fiery explosion engulfs you!
Ouch! That really hurt!
You die...

..†.#### #............ .......#
#.......##### ###....#
#............ #
#....##############......######
###).......................'.....
.................#.##......#...##
###....#########.# ###+#..#...##
#....# #.# #.##.#.#.#. ###....#
#@# #.#........ ..†##### #.#
##..#....... ....# #§#
#.......>... ....# #.#
#...#....... ....# #..
#........... ....# ##.
#...#....... ....+ . #...........
##### ..###...#.#.#.#.
#.............


There were no monsters in sight!

Vanquished Creatures
  A giant gecko (D:1)
  2 bats (D:1)
  3 goblins (D:1)
  2 hobgoblins (D:1)
  2 jackals (D:1)
  A kobold (D:1)
  A rat (D:1)
12 creatures vanquished.

Notes
Turn   | Place    | Note
--------------------------------------------------------------
     0 | D:1      | Hanyuu the Octopode Transmuter began the quest for the Orb.
     0 | D:1      | Reached XP level 1. HP: 13/13 MP: 3/3
    79 | D:1      | Reached XP level 2. HP: 13/18 MP: 3/5
   307 | D:1      | Killed from afar by a rat

Vault maps used:
D:1:      co_arrival_square_in_a_square_in_a_square, st_stairs_4

Action                   || total
-------------------------++-------
Melee: Unarmed           ||    27
 Cast: Beastly Appendage ||     1
  Use: Scroll            ||     2
 Stab: Sleeping          ||     1
